 Dungeon Crawl Stone Soup version 0.21.1-1-g345015fe64 (webtiles) character file.

41778 Jannitor the Covert (level 13, -5/111 HPs)
             Began as a Demonspawn Assassin on June 25, 2018.
             Was the Champion of Okawaru.
             Slain by an orc knight
             ... wielding a +2 great sword of holy wrath
              (41 damage)
             ... on level 1 of the Orcish Mines.
             The game lasted 00:44:55 (23577 turns).

Jannitor the Covert (Demonspawn Assassin)          Turns: 23577, Time: 00:44:56

Health: -5/111     AC: 17    Str: 15    XL:     13   Next: 81%
Magic:  19/19      EV: 11    Int: 13    God:    Okawaru [******]
Gold:   771        SH: 12    Dex: 18    Spells: 1/12 levels left

rFire    + . .     SeeInvis .   a - +7 short sword of Conscience {pain, rPois rF+}
rCold    + + .     Gourm    .   Q - +1 shield {rC+}
rNeg     . . .     Faith    .   z - +2 leather armour {rC+}
rPois    +         Spirit   .   (helmet unavailable)
rElec    +         Reflect  .   f - +1 cloak {rPois}
rCorr    .         Harm     .   (no gloves)
MR       .....                  O - +0 pair of boots {Fly}
Stlth    ++++......             t - amulet of magic regeneration
HPRegen  0.28/turn              o - +3 ring of protection
MPRegen  0.41/turn              N - +4 ring of protection

@: flying, slowed, very slow
A: horns 3, thin metallic scales 1, agile 1, blurry vision 1, powered by death
1, powered by pain 1, robust 1, electricity resistance
a: Heroism, Finesse, Renounce Religion, Stop Flying


You were on level 1 of the Orcish Mines.
You worshipped Okawaru.
Okawaru was exalted by your worship.
You were hungry.

You visited 3 branches of the dungeon, and saw 20 of its levels.
You also visited: Sewer and Ice Cave.

You collected 1304 gold pieces.
You spent 533 gold pieces at shops.

Inventory:

Hand Weapons
 a - the +7 short sword of Conscience (weapon) {pain, rPois rF+}
   (You found it on level 7 of the Dungeon)

   In the hands of one skilled in necromantic magic, it inflicts extra damage on
   living creatures.
   It protects you from fire.
   It protects you from poison.
 b - a +4 blowgun
 K - a +2 dagger of speed
 W - a +6 quick blade of draining
Missiles
 e - 59 poisoned needles
 m - 8 needles of confusion
 x - 2 curare-tipped needles
 y - 2 throwing nets (quivered)
 G - 3 tomahawks of dispersal
Armour
 f - a +1 cloak of poison resistance (worn)
 z - a +2 leather armour of cold resistance (worn)
 O - a +0 pair of boots of flying (worn)
 Q - a +1 shield of cold resistance (worn)
Jewellery
 c - an uncursed ring of see invisible
 o - a +3 ring of protection (left hand)
 t - an amulet of magic regeneration (around neck)
 N - a +4 ring of protection (right hand)
Wands
 d - a wand of random effects (23)
 j - a wand of iceblast (11)
 q - a wand of paralysis (14)
 u - a wand of clouds (2)
 I - a wand of acid (9)
 U - a wand of enslavement (6)
Scrolls
 h - 2 scrolls of magic mapping
 i - 10 scrolls of identify
 l - 7 scrolls of fog
 p - 9 scrolls of teleportation
 w - a scroll of enchant armour
 A - a scroll of amnesia
 E - 5 scrolls of remove curse
Potions
 k - 11 potions of curing
 r - 2 potions of agility
 B - a potion of mutation
 C - a potion of might
 D - a potion of cancellation
 F - a potion of berserk rage
 J - 6 potions of flight
 M - a potion of brilliance
 V - a potion of haste
 X - a potion of invisibility
 Z - a potion of ambrosia
Books
 n - a book of Party Tricks

   Spells                             Type                      Level
   a - Summon Butterflies             Summoning                    1
   b - Apportation                    Translocation                1
   c - Lesser Beckoning               Translocation                3
   d - Tukima's Dance                 Hexes                        3
   e - Alistair's Intoxication        Transmutation/Poison         5
   f - Invisibility                   Hexes                        6
 s - a book of Minor Magic

   Spells                             Type                      Level
   a - Magic Dart                     Conjuration                  1
   b - Blink                          Translocation                2
   c - Call Imp                       Summoning                    2
   d - Slow                           Hexes                        2
   e - Conjure Flame                  Conjuration/Fire             3
   f - Mephitic Cloud                 Conjuration/Poison/Air       3
 v - a book of Cantrips

   Spells                             Type                      Level
   a - Confusing Touch                Hexes                        1
   b - Animate Skeleton               Necromancy                   1
   c - Summon Small Mammal            Summoning                    1
   d - Apportation                    Translocation                1
 H - a book of Necromancy

   Spells                             Type                      Level
   a - Pain                           Necromancy                   1
   b - Animate Skeleton               Necromancy                   1
   c - Vampiric Draining              Necromancy                   3
   d - Regeneration                   Charms/Necromancy            3
   e - Animate Dead                   Necromancy                   4
   f - Borgnjor's Vile Clutch         Necromancy/Earth             5
Miscellaneous
 P - a phial of floods
 T - a phantom mirror
Comestibles
 g - 37 rations
 L - 14 chunks of flesh


   Skills:
 + Level 9.0 Fighting
 + Level 9.0 Short Blades
 + Level 9.0 Throwing
 - Level 4.0 Armour
 - Level 2.5 Dodging
 + Level 9.5 Stealth
 * Level 7.3 Shields
 + Level 8.2 Necromancy
 - Level 8.6 Invocations
 - Level 8.6 Evocations


You had one spell level left.
You knew the following spells:

 Your Spells              Type           Power        Failure   Level  Hunger
a - Animate Skeleton      Necr           N/A          3%          1    ##.....
b - Vampiric Draining     Necr           ###.......   11%         3    ####...
c - Regeneration          Chrm/Necr      ##........   50%         3    ####...
d - Animate Dead          Necr           N/A          34%         4    #####..


Dungeon Overview and Level Annotations

Branches:
Dungeon (13/15)            Temple (0/1) D:7            Lair (6/6) D:10
 Shoals (0/4) Lair:4        Snake (0/4) Lair:4          Orc (1/2) D:12
  Slime: Lair:5-6    Vaults: D:13-14

Altars:
Ashenzari
Cheibriados
Elyvilon
Fedhas
Gozag
Makhleb
Okawaru
Qazlal
Ru
Yredelemnul
The Shining One

Shops:
D:5 :   D:6 ==   D:7 }![   D:8 (   D:11 %

Annotations:
D:8 exclusion: door
Lair:3 exclusion: oklob plant


Innate Abilities, Weirdness & Mutations

You have a pair of large horns on your head.
You are partially covered in thin metallic scales. (AC +2)
You regenerate a little health from kills.
You sometimes gain a little power by taking damage.
You are agile. (Dex +2)
Scrolls take you a little longer to read.
You are robust. (+10% HP)
You are resistant to electric shocks. (rElec)


Message History

The orc knight goes into a battle-frenzy!
The orc priest no longer looks unusually strong.
The orc warrior no longer looks unusually strong.
The orc knight roars a battlecry!
The orcs go into a battle-frenzy!
The orc no longer looks unusually strong.
The orc wizard mumbles some strange words.
The orc wizard blinks!
The orc knight roars a battlecry!
The orc goes into a battle-frenzy!
The orc priest calls upon Beogh to heal the orc knight.
The orc knight is healed somewhat.
The orc knight no longer looks unusually strong.
The orc knight roars a battlecry!
The orc knight goes into a battle-frenzy!
The orc knight hits you with a great sword of holy wrath!!
You convulse!!
Really read with blurry vision while enemies are nearby?
The orc knight hits you with a great sword of holy wrath!!!
You die...

.$....>..................##
....##....................###
..........#.#....#.......#..##
..........# #..))...........<#
.#.......####..†(#....#..#..##
#.##...§#o#....#.##......####
........ooo...T...##.##.##
#.......o.#.#.#o..#######
###......###..o.@..#
##....##.##.#...##
####..##....#.....##
##.#................#
....#..........#...#####
..........#.........##.####
.#.......#......#....Z..#.##
##.##...........#..##.#Z..##
## ##.#...........####....#


You could see an orc knight, a troll and an orc warrior.

Vanquished Creatures
  A hydra (Lair:1)
  A catoblepas (Lair:4)
  3 death yaks (Lair:4)
  Nergalle (Orc:1)
  The ghost of OlSheep the Thaumaturge, a novice DECj of Vehumet (D:9)
  An unseen horror (D:10)
  A harpy (Lair:6)
  4 ugly things
  A deep elf mage (D:12)
  2 cyclopes (D:11)
  2 manticores
  4 black mambas
  12 elephants
  2 gargoyles (D:12)
  8 spiny frogs
  3 rime drakes (Lair:6)
  An ice devil (IceCv)
  3 komodo dragons
  A troll (Orc:1)
  The ghost of patthesweetcat the Skirmisher, an amateur HOFi of Kikubaaqudgha (D:5)
  3 polar bears
  4 hippogriffs
  10 blink frogs
  A hornet (D:7)
  2 centaur simulacra (D:11)
  A shadow (D:12)
  A wyvern (Lair:6)
  A human (D:7)
  2 hogs (D:7)
  30 yaks
  A steam dragon (D:10)
  3 basilisks
  2 vampire mosquitoes (D:9)
  A naga (Lair:4)
  3 wargs (Orc:1)
  Edmund (D:5)
  An acid dragon (D:11)
  12 water moccasins
  Duvessa (D:5)
  16 porcupines
  8 orc warriors
  A black bear (D:6)
  3 sky beasts
  3 ice beasts (D:11)
  An eye of draining (D:12)
  7 wolves
  2 ogres
  5 centaurs
  7 crocodiles
  3 big kobolds
  Blork the orc (D:6)
  A wyvern zombie (D:12)
  11 bullfrogs
  Dowan (D:5)
  A wyvern skeleton (D:6)
  A water moccasin skeleton (D:6)
  2 scorpions
  16 killer bees
  16 wights
  4 electric eels
  5 crimson imps
  10 hounds
  A quasit (D:10)
  2 centaur zombies
  Crazy Yiuf (D:5)
  3 bullfrog skeletons
  5 orc priests
  4 jellies
  A centaur skeleton (D:6)
  Ijyb (D:5)
  An iguana (D:6)
  12 orc wizards
  4 worker ants
  A killer bee zombie (D:8)
  A hound zombie (D:9)
  A hound skeleton (D:8)
  3 worker ant zombies
  2 gnolls (D:10)
  7 river rats
  21 adders
  4 shadow imps
  15 white imps (D:11)
  An ufetubus (D:11)
  5 oozes
  An adder skeleton (D:4)
  6 worms
  3 dart slugs (D:1)
  5 leopard geckos
  29 orcs
  6 ball pythons
  8 giant cockroaches
  4 goblins
  9 hobgoblins
  10 jackals
  17 kobolds
  4 quokkas
  6 bats
  9 frilled lizards
  A jackal zombie (D:6)
  13 rats
  2 fungi (D:5)
487 creatures vanquished.

Vanquished Creatures (collateral kills)
  A hydra (Lair:2)
  2 spiny frogs
  2 komodo dragons
  A blink frog (Lair:3)
  A yak (Lair:2)
  A porcupine (Lair:2)
  4 water moccasins
  2 wolves (Lair:2)
  A crocodile (Lair:4)
15 creatures vanquished.

Vanquished Creatures (others)
  A killer bee (D:11)
  5 bushes (D:10)
  3 fungi
  28 plants
37 creatures vanquished.

Grand Total: 539 creatures vanquished

Notes
Turn   | Place    | Note
-------+----------+-------------------------------------------
     0 | D:1      | Jannitor the Demonspawn Assassin began the quest for the Orb.
     0 | D:1      | Reached XP level 1. HP: 16/16 MP: 1/1
     3 | D:1      | Noticed an electric eel
     3 | D:1      | Noticed an electric eel
    74 | D:1      | Reached skill level 1 in Dodging
   101 | D:1      | Gained mutation: You sometimes gain a little power by taking damage. [demonic ancestry]
   101 | D:1      | Reached XP level 2. HP: 16/22 MP: 2/2
   651 | D:1      | Gained mutation: You have a pair of small horns on your head. [demonic ancestry]
   651 | D:1      | Reached XP level 3. HP: 23/28 MP: 3/3
  1264 | D:2      | Gained mutation: You are partially covered in thin metallic scales. (AC +2) [demonic ancestry]
  1264 | D:2      | Reached XP level 4. HP: 24/34 MP: 4/4
  2543 | D:3      | Reached XP level 5. HP: 34/39 MP: 5/5
  3025 | D:3      | Reached skill level 1 in Evocations
  3314 | D:4      | Found a glowing drain.
  3526 | Sewer    | Entered a sewer
  3804 | Sewer    | Gained mutation: You regenerate a little health from kills. [demonic ancestry]
  3804 | Sewer    | Reached XP level 6. HP: 47/47 MP: 7/7
  3835 | Sewer    | Reached skill level 5 in Stealth
  4773 | D:4      | Reached XP level 7. HP: 47/53 MP: 9/9
  5036 | D:4      | Found a white marble altar of Elyvilon.
  5557 | D:4      | Found an opulent altar of Gozag.
  5799 | D:5      | Entered Level 5 of the Dungeon
  5807 | D:5      | Found Untukigi's Book Emporium.
  5820 | D:5      | Noticed Edmund
  5857 | D:5      | Killed Edmund
  5973 | D:5      | Noticed patthesweetcat's ghost (amateur HOFi)
  6067 | D:5      | Found a blossoming altar of Fedhas.
  6092 | D:5      | Killed patthesweetcat's ghost
  6092 | D:5      | Reached XP level 8. HP: 30/61 MP: 11/11
  6195 | D:5      | Reached skill level 5 in Evocations
  6200 | D:5      | Noticed Ijyb
  6201 | D:5      | Noticed Dowan
  6205 | D:5      | Killed Ijyb
  6310 | D:5      | Noticed Duvessa
  6314 | D:5      | Killed Dowan
  6322 | D:5      | Killed Duvessa
  6364 | D:5      | Found a snail-covered altar of Cheibriados.
  6704 | D:5      | Found a burning altar of Makhleb.
  6846 | D:5      | Found a runed door.
  6852 | D:5      | Noticed Crazy Yiuf
  6856 | D:5      | Killed Crazy Yiuf
  6927 | D:6      | Reached skill level 1 in Armour
  6999 | D:6      | Found a glowing golden altar of the Shining One.
  7073 | D:6      | Found Begop's Jewellery Boutique.
  7103 | D:6      | Reached skill level 5 in Fighting
  7286 | D:6      | Bought an uncursed ring of see invisible for 180 gold pieces
  7341 | D:6      | Noticed Blork the orc
  7362 | D:6      | Killed Blork the orc
  7393 | D:6      | Found an iron altar of Okawaru.
  7413 | D:6      | Became a worshipper of Warmaster Okawaru
  7555 | D:6      | Found Wueroext's Jewellery Shoppe.
  7891 | D:7      | Found Qexkot's Gadget Shoppe.
  7899 | D:7      | Bought a wand of paralysis (13) for 225 gold pieces
  8036 | D:7      | Noticed a hornet
  8039 | D:7      | Killed a hornet
  8039 | D:7      | Reached XP level 9. HP: 68/68 MP: 13/13
  8091 | D:7      | Found a staircase to the Ecumenical Temple.
  8126 | D:7      | Found Isaaca's Antique Armour Boutique.
  8182 | D:7      | Reached skill level 5 in Short Blades
  8230 | D:7      | Found Kusac's Distillery.
  8249 | D:7      | Bought a potion of curing for 48 gold pieces
  8501 | D:7      | Reached * piety under Okawaru
  8995 | D:7      | Got a sapphire short sword
  8996 | D:7      | Identified the +7 short sword of Conscience {pain, rPois rF+} (You found it on level 7 of the Dungeon)
  9131 | D:7      | Reached ** piety under Okawaru
  9212 | D:7      | Learned a level 1 spell: Animate Skeleton
  9811 | D:8      | Gained mutation: You have a pair of horns on your head. [demonic ancestry]
  9811 | D:8      | Reached XP level 10. HP: 31/77 MP: 16/16
 10188 | D:8      | Found Teol's Weapon Shop.
 10285 | D:7      | Bought a potion of heal wounds for 80 gold pieces
 10474 | D:8      | Found a stormy altar of Qazlal.
 10626 | D:9      | Noticed a white ugly thing
 10695 | D:9      | Found a shattered altar of Ashenzari.
 10737 | D:9      | Noticed OlSheep's ghost (novice DECj)
 11042 | D:9      | Reached skill level 1 in Necromancy
 11068 | D:9      | Killed OlSheep's ghost
 11404 | D:9      | Found a basalt altar of Yredelemnul.
 11498 | D:9      | Killed a white ugly thing
 11498 | D:9      | Reached *** piety under Okawaru
 11830 | D:10     | Entered Level 10 of the Dungeon
 12213 | D:10     | Noticed an unseen horror
 12224 | D:10     | Killed an unseen horror
 12224 | D:10     | Reached **** piety under Okawaru
 12517 | D:10     | Noticed a manticore
 12817 | D:10     | Killed a manticore
 12817 | D:10     | Received a gift from Okawaru
 12817 | D:10     | Gained mutation: You have a pair of large horns on your head. [demonic ancestry]
 12817 | D:10     | Reached XP level 11. HP: 21/84 MP: 17/17
 13015 | D:10     | Found a staircase to the Lair.
 13426 | D:9      | Reached ***** piety under Okawaru
 13438 | D:9      | Reached skill level 5 in Throwing
 13623 | D:10     | Learned a level 3 spell: Vampiric Draining
 13908 | D:11     | Gained mutation: Scrolls take you a little longer to read. [potion of mutation]
 13908 | D:11     | Gained mutation: You are robust. (+10% HP) [potion of mutation]
 13908 | D:11     | Gained mutation: You are resistant to electric shocks. (rElec) [potion of mutation]
 13908 | D:11     | Gained mutation: You are agile. (Dex +2) [potion of mutation]
 14018 | D:11     | Found a frozen archway.
 14080 | IceCv    | Entered an ice cave
 14395 | Lair:1   | Entered Level 1 of the Lair of Beasts
 14440 | Lair:1   | Noticed an eight-headed hydra
 14446 | Lair:1   | Killed an eight-headed hydra
 14446 | Lair:1   | Reached skill level 1 in Invocations
 14668 | Lair:1   | Received a gift from Okawaru
 14682 | Lair:1   | Reached skill level 5 in Necromancy
 14688 | Lair:1   | Received a gift from Okawaru
 15125 | Lair:1   | Found a sacrificial altar of Ru.
 15736 | Lair:2   | Reached skill level 1 in Shields
 15813 | Lair:2   | Reached skill level 5 in Invocations
 15901 | Lair:2   | Reached XP level 12. HP: 101/101 MP: 18/18
 16064 | Lair:2   | Noticed a seven-headed hydra
 16078 | Lair:2   | HP: 3/101 [seven-headed hydra (11)]
 16646 | Lair:2   | Killed a seven-headed hydra
 17156 | Lair:3   | Received a gift from Okawaru
 17879 | Lair:3   | Identified a scroll of acquirement
 18392 | Lair:4   | Noticed a catoblepas
 18439 | Lair:4   | Killed a catoblepas
 18461 | Lair:4   | Reached ****** piety under Okawaru
 18478 | Lair:4   | Noticed a death yak
 18481 | Lair:4   | Noticed a death yak
 18828 | Lair:4   | Found a staircase to the Snake Pit.
 18962 | Lair:4   | Received a gift from Okawaru
 19019 | Lair:4   | Noticed a death yak
 19032 | Lair:4   | Killed a death yak
 19048 | Lair:4   | Killed a death yak
 19051 | Lair:4   | Killed a death yak
 19233 | Lair:4   | Found a staircase to the Shoals.
 19582 | Lair:4   | Reached skill level 5 in Shields
 19607 | Lair:4   | Learned a level 3 spell: Regeneration
 19775 | Lair:4   | Learned a level 4 spell: Animate Dead
 20039 | Lair:5   | Reached XP level 13. HP: 99/107 MP: 19/19
 20526 | Lair:5   | Received a gift from Okawaru
 20802 | Lair:6   | Entered Level 6 of the Lair of Beasts
 20818 | Lair:5   | Received a gift from Okawaru
 21507 | D:11     | Found Hocheerch's Food Boutique.
 22608 | D:12     | Found a staircase to the Orcish Mines.
 23059 | D:12     | Received a gift from Okawaru
 23363 | Orc:1    | Entered Level 1 of the Orcish Mines
 23384 | Orc:1    | Noticed Nergalle
 23391 | Orc:1    | Killed Nergalle
 23577 | Orc:1    | Slain by an orc knight

Skill      XL: |  1  2  3  4  5  6  7  8  9 10 11 12 13 |
---------------+----------------------------------------+-----
Dodging        | 1 2 |  2.5
Throwing       | 2 4 6 8 9 |  9.0
Short Blades   | 2 3 4 5 6 7 8 9 |  9.0
Stealth        | 4 5 6 7 8 9 |  9.5
Evocations     | 2 3 4 6 8 |  8.6
Fighting       | 3 4 5 6 7 8 9 |  9.0
Armour         | 2 3 4 |  4.0
Necromancy     | 3 5 6 8 |  8.2
Invocations    | 5 8 |  8.6
Shields        | 1 5 7 |  7.3

Action                   |  1- 3 |  4- 6 |  7- 9 | 10-12 | 13-15 || total
-------------------------+-------+-------+-------+-------+-------++-------
Melee: Dagger            |   137 |   331 |   386 |       |       ||   854
       Headbutt          |     7 |    61 |    93 |   112 |   112 ||   385
       Short sword       |       |       |    78 |   664 |   470 ||  1212
       Quick blade       |       |       |       |     2 |       ||     2
 Fire: Blowgun           |       |    55 |    22 |     5 |       ||    82
Throw: Tomahawk          |     3 |       |     2 |       |       ||     5
 Cast: Animate Skeleton  |       |       |     2 |    32 |    25 ||    59
Invok: Heroism           |       |       |       |       |     1 ||     1
Evoke: Wand              |       |     5 |    13 |    21 |       ||    39
       Phial of floods   |       |       |       |     1 |       ||     1
  Use: Potion            |       |       |     6 |    15 |       ||    21
       Scroll            |       |       |       |    21 |     4 ||    25
 Stab: Sleeping          |     4 |     8 |    21 |    23 |    14 ||    70
       Distracted        |     1 |       |     1 |     5 |     1 ||     8
       Paralysed         |       |     1 |     5 |     6 |       ||    12
  Eat: Chunk             |     1 |    11 |    14 |    24 |    12 ||    62
       Ration            |       |       |     1 |     3 |       ||     4
Armor: Robe              |    27 |    58 |    22 |       |       ||   107
       Leather armour    |       |       |    62 |   197 |   123 ||   382
       Skin              |       |       |       |    16 |       ||    16
       Steam dragon scal |       |       |       |    15 |       ||    15
Dodge: Dodged            |    55 |   148 |   170 |   303 |   135 ||   811
Block: Shield            |       |       |       |   110 |   226 ||   336
